 Dungeon Sprint DCSS version 0.27.1 (webtiles) character file.

Game seed: 4260277641417248117

2201 styxcanada the Unseen (level 9, -6/48 HPs)
             Began as a Spriggan Brigand on Aug 29, 2021.
             Was an Initiate of Gozag.
             Killed from afar by an oklob plant (13 damage)
             ... with a splash of acid
             ... in the Dungeon (Sprint IV: "Fedhas' Mad Dash").
             The game lasted 00:07:32 (885 turns).

styxcanada the Unseen (Spriggan Brigand)             Turns: 885, Time: 00:07:33

Health: -6/48      AC:  3    Str:  7    XL:     9   Next: 12%
Magic:  10/10      EV: 24    Int: 13    God:    Gozag
Gold:   546        SH:  0    Dex: 19    Spells: 8/8 levels left

rFire    + . .     SeeInvis +   t - +6 dagger of the Scorching Blowfly {flame, rF+}
rCold    . . .     Faith    .   (shield restricted)
rNeg     . . .     Spirit   .   j - +0 robe {Will+}
rPois    .         Reflect  .   (helmet restricted)
rElec    .         Harm     .   c - +0 cloak
rCorr    .         Rampage  .   (gloves unavailable)
Will     ++...     NoTele   +   (boots unavailable)
Stlth    ++++++++..             m - amulet of invisibility {+Inv}
HPRegen  0.16/turn              (no ring)
MPRegen  0.12/turn              (no ring)

@: gold aura, very slightly contaminated, studying Staves, very quick
A: very small, no large weapons, unfitting armour, see invisible, speed 3
a: Renounce Religion, Evoke Invisibility, Potion Petition, Call Merchant, Bribe
Branch


You were in the Dungeon.
You worshipped Gozag.
Gozag was pleased with you.
You visited 1 branch You collected 1128 gold pieces.
You spent 582 gold pieces at shops.

Inventory:

Hand Weapons
 a - a +2 dagger
 t - the +6 dagger of the Scorching Blowfly (weapon) {flame, rF+}
   (You bought it in a shop in the Dungeon)

   It burns those it strikes, dealing additional fire damage.
   rF:        It protects you from fire.
Missiles
 d - 6 poisoned darts (quivered)
 e - a curare-tipped dart
 u - 3 boomerangs
Armour
 b - a +0 robe
 c - a +0 cloak (worn)
 j - a +0 robe of willpower (worn)
 o - a scarf of repulsion
Jewellery
 m - the amulet of invisibility (around neck) {+Inv}
   (You found it in the Dungeon)

   [amulet of nothing]

   +Inv:      It lets you turn invisible.
Scrolls
 k - a scroll of blinking
 l - a scroll of amnesia {unknown}
 n - a scroll of fear {unknown}
 p - a scroll of silence {unknown}
 r - a scroll of identify {unknown}
 s - a scroll of immolation {unknown}
Potions
 f - a potion of curing
 g - a potion of heal wounds
 h - a potion of haste
 i - 2 potions of magic
 q - 2 potions of brilliance {unknown}


   Skills:
 * Level 6.3 Fighting
 + Level 5.4 Short Blades
 + Level 7.2 Throwing
 * Level 9.4 Dodging
 * Level 20.4 Stealth
 * Level 9.9 Evocations


You had 8 spell levels left.
You didn't know any spells.
Your spell library contained the following spells:

 Spells                   Type           Power      Damage    Failure   Level
 Ensorcelled Hibernation  Hex/Ice        0%         N/A       43%         2
 Spider Form              Tmut/Pois      0%         N/A       67%         3
 Shadow Creatures         Summ           N/A        N/A       100%        6


Dungeon Overview and Level Annotations

Branches:
Dungeon (1/1)

Altars:
Cheibriados
Dithmenos
Elyvilon
Gozag
Hepliaklqana
Kikubaaqudgha
Makhleb
Nemelex Xobeh
Okawaru
Qazlal
Ru
Sif Muna
Trog
Uskayaw
Vehumet
Wu Jian
Xom
Yredelemnul
Zin
The Shining One
Beogh
Jiyva
Lugonu

Shops:
D *(![

Annotations:
D exclusions: oklob plant and oklob sapling


Innate Abilities, Weirdness & Mutations

You are very small and have problems with some larger weapons.
You are too small for most types of armour.
You have supernaturally acute eyesight. (SInv)
You cover ground extremely quickly. (Speed+++)


Message History

The puff of flame misses you.
You hit the burning bush but do no damage.
The burning bush is almost destroyed.
You flicker for a moment.
You hit the burning bush but do no damage.
The burning bush is almost destroyed.
You hit the burning bush but do no damage.
The burning bush is almost destroyed.
You puncture the burning bush!
You destroy the burning bush!
You see here 234 gold pieces.
You hit the oklob plant but do no damage.
Unknown command.
You hit the oklob plant. You burn the oklob plant.
The oklob plant is lightly damaged.
You flicker back into view.
You hit the oklob plant but do no damage.
The oklob plant is lightly damaged.
Unknown command.
You hit the oklob plant. You burn the oklob plant.
The oklob plant is lightly damaged.
You hit the oklob plant but do no damage.
The oklob plant is lightly damaged.
You hit the oklob plant but do no damage.
The oklob plant is lightly damaged.
You hit the oklob plant but do no damage.
The oklob plant is lightly damaged.
You hit the oklob plant but do no damage.
The oklob plant is lightly damaged.
You hit the oklob sapling but do no damage.
You hit the oklob sapling but do no damage.
You hit the oklob sapling. You burn the oklob sapling.
The oklob sapling is moderately damaged.
The oklob sapling spits acid at you. The splash of acid hits you!
You are splashed with acid!
* * * LOW HITPOINT WARNING * * *
The oklob plant spits acid at you. The splash of acid hits you!
You die...
Your body crumbles into a pile of gold.

#<)..#.....#.....#.⌠._._._._.⌠
#P...'..)..'.#...'.._._._._._.
#PPPP#.....#.#...#..._._._._..
###############'##.._._._._._.
#...♣........'...#._._._._._.⌠
#......♣.....#...#############
#.....♣..♣..######
##'####'######P}+
#[.#....'....@.f#
#..#.|###$...P..# $ $$ #######
#########


You could see an oklob plant, a wandering mushroom and an oklob sapling.

Vanquished Creatures
  An oklob plant (D)
  2 wandering mushrooms (D)
  3 burning bushes (D)
  A queen bee (D)
  3 scorpions (D)
  4 killer bees (D)
  4 oklob saplings (D)
  2 spriggans (D)
  A river rat (D)
  A rat (D)
22 creatures vanquished.

Vanquished Creatures (others)
  2 fungi (D)
2 creatures vanquished.

Grand Total: 24 creatures vanquished

Notes
Turn   | Place    | Note
-------+----------+-------------------------------------------
     0 | D        | styxcanada the Spriggan Brigand began the quest for the
                  | Orb.
     0 | D        | Reached XP level 1. HP: 10/10 MP: 2/2
    18 | D        | Reached skill level 6 in Stealth
    19 | D        | Reached skill level 8 in Stealth
    19 | D        | Reached XP level 2. HP: 15/15 MP: 3/3
    35 | D        | Noticed an oklob sapling
    37 | D        | Killed an oklob sapling
    38 | D        | Reached skill level 9 in Stealth
    38 | D        | Reached XP level 3. HP: 18/18 MP: 4/4
    39 | D        | Noticed a scorpion
    39 | D        | Found the amulet of invisibility {+Inv}
    41 | D        | Killed a scorpion
    42 | D        | Reached skill level 12 in Stealth
    42 | D        | Reached XP level 4. HP: 23/23 MP: 5/5
    65 | D        | Found an opulent altar of Gozag.
    65 | D        | Found a hazy altar of Hepliaklqana.
    65 | D        | Found a burning altar of Makhleb.
    65 | D        | Found a sparkling altar of Nemelex Xobeh.
    65 | D        | Found a snail-covered altar of Cheibriados.
    65 | D        | Found a sacrificial altar of Ru.
    65 | D        | Found a shimmering blue altar of Sif Muna.
    65 | D        | Found a shimmering altar of Xom.
    65 | D        | Found a basalt altar of Yredelemnul.
    66 | D        | Found a viscous altar of Jiyva.
    66 | D        | Found a bloodstained altar of Trog.
    66 | D        | Found an ornate altar of the Wu Jian Council.
    67 | D        | Found an iron altar of Okawaru.
    67 | D        | Found a shadowy altar of Dithmenos.
    67 | D        | Found a glowing silver altar of Zin.
    68 | D        | Found an ancient bone altar of Kikubaaqudgha.
    68 | D        | Found a hide-covered altar of Uskayaw.
    69 | D        | Found a stormy altar of Qazlal.
    69 | D        | Found a white marble altar of Elyvilon.
    69 | D        | Found a glowing golden altar of the Shining One.
    70 | D        | Became a worshipper of Gozag Ym Sagoz the Greedy
    71 | D        | Found a corrupted altar of Lugonu.
    71 | D        | Found a radiant altar of Vehumet.
    75 | D        | Reached skill level 13 in Stealth
    75 | D        | Reached skill level 1 in Evocations
    75 | D        | Reached XP level 5. HP: 28/28 MP: 3/6
    87 | D        | Reached skill level 5 in Dodging
   172 | D        | Reached skill level 14 in Stealth
   358 | D        | Reached XP level 6. HP: 33/33 MP: 7/7
   395 | D        | Found Dottepp's Weapon Shop.
   395 | D        | Found Vuchicuo's Assorted Antiques.
   401 | D        | Bought a scroll labelled HUIWITZ ZUGENU for 28 gold pieces
   401 | D        | Bought 2 emerald potions for 50 gold pieces
   401 | D        | Bought a scroll labelled EGUMUH ROSK for 28 gold pieces
   404 | D        | Noticed a burning bush
   404 | D        | Noticed a wandering mushroom
   405 | D        | Noticed a wandering mushroom
   409 | D        | Killed a wandering mushroom
   410 | D        | Reached skill level 5 in Throwing
   410 | D        | Reached skill level 16 in Stealth
   410 | D        | Reached skill level 5 in Evocations
   410 | D        | Killed a wandering mushroom
   411 | D        | Reached skill level 17 in Stealth
   411 | D        | Reached XP level 7. HP: 38/38 MP: 5/8
   431 | D        | Killed a burning bush
   432 | D        | Reached skill level 5 in Fighting
   432 | D        | Reached skill level 18 in Stealth
   434 | D        | Found Pegu's Armour Emporium.
   434 | D        | Found Yhieniywn's Distillery.
   488 | D        | Reached XP level 8. HP: 27/43 MP: 6/9
   494 | D        | Noticed a queen bee
   528 | D        | Killed a queen bee
   529 | D        | Reached skill level 5 in Short Blades
   529 | D        | Reached skill level 19 in Stealth
   586 | D        | Bought the +6 dagger of the Scorching Blowfly {flame, rF+}
                  | for 476 gold pieces
   685 | D        | Noticed an oklob plant
   688 | D        | Killed an oklob plant
   770 | D        | Noticed a burning bush
   773 | D        | Killed a burning bush
   774 | D        | Reached skill level 20 in Stealth
   774 | D        | Reached XP level 9. HP: 48/48 MP: 7/10
   837 | D        | Noticed a burning bush
   837 | D        | Noticed an oklob plant
   838 | D        | Noticed a wandering mushroom
   869 | D        | Killed a burning bush
   885 | D        | Killed from afar by an oklob plant

Illustrated notes

Levels and vault maps discovered:
D:        dungeon_sprint_fedhas [sprint_temple]

Skill      XL: |  1  2  3  4  5  6  7  8 |
---------------+-------------------------+-----
Stealth        | 8 9 12 13 14 17 18 20 | 20.4
Dodging        | 2 3 4 5 7 8 9 |  9.4
Fighting       | 2 3 4 5 6 |  6.3
Throwing       | 3 4 5 6 7 |  7.2
Short Blades   | 3 4 5 |  5.4
Evocations     | 1 3 5 6 9 |  9.9

Action                   |  1- 3 |  4- 6 |  7- 9 || total
-------------------------+-------+-------+-------++-------
Melee: Dagger            |     4 |     8 |    67 ||    79
Throw: Dart              |    10 |    12 |     6 ||    28
 Abil: Evoke Invisibilit |       |     3 |     5 ||     8
  Use: Potion            |       |     1 |       ||     1
 Stab: Sleeping          |     2 |     4 |     4 ||    10
       Distracted        |       |       |     1 ||     1
       Invisible         |       |       |     4 ||     4
Armor: Robe              |       |       |     1 ||     1
Dodge: Dodged            |     5 |     5 |    36 ||    46
